 Dungeon Crawl Stone Soup version 0.30.0-29-ga12c61a403 (webtiles) character file.

Game seed: 6232915058091357200

123 qw the Chopper (level 5, 0/32 HPs)
             Began as a Gargoyle Fighter on June 5, 2023.
             Slain by Pikel
             ... wielding a +1 whip of flaming
              (2 damage)
             ... on level 4 of the Dungeon.
             The game lasted 00:01:15 (2623 turns).

qw the Chopper (Gargoyle Fighter)                   Turns: 2623, Time: 00:01:16

Health: 0/32       AC: 14    Str: 21    XL:     5   Next: 7%
Magic:  5/5        EV: 12    Int:  9    God:
Gold:   176        SH:  4    Dex:  9    Spells: 4/4 levels left

rFire   . . .        Y - +0 war axe
rCold   . . .        c - +0 buckler
rNeg    + . .        g - +0 chain mail
rPois   inf          (no helmet)
rElec   +            (no cloak)
rCorr   .            h - +0 pair of gloves
SInv    .            (no boots)
Will    .....        (no amulet) Stlth
                     l - +5 ring of evasion
HPRegen 0.25/turn    (no ring)
MPRegen 0.09/turn

%: no passive effects
@: about to teleport
A: sickness immunity, AC +4, negative energy resistance 1, electricity
resistance, torment resistance 1, petrification resistance
a: no special abilities


You were on level 4 of the Dungeon.
You visited 1 branch of the dungeon, and saw 4 of its levels.

You collected 176 gold pieces.


Innate Abilities, Weirdness & Mutations

You are immune to sickness and miasma.
Your stone body is resilient. (AC +4)
You are immune to poison.
You resist negative energy. (rN+)
You are resistant to electric shocks. (rElec)
You are resistant to unholy torment.
You are immune to petrification.


   Skills:
 - Level 3.2 Fighting
 + Level 4.6 Axes
 - Level 3.2 Armour
 - Level 3.2 Shields


You had 4 spell levels left.
You didn't know any spells.
Your spell library was empty.

Inventory:

Hand Weapons
 i - a +0 whip
 Y - a +0 war axe (weapon)
Missiles
 k - a boomerang (quivered)
Armour
 c - a +0 buckler (worn)
 g - a +0 chain mail (worn)
 h - a +0 pair of gloves (worn)
Jewellery
 l - a +5 ring of evasion (left hand)
Scrolls
 a - a scroll of identify
 o - a scroll of fear {unknown}
Potions
 d - a potion of might
 e - a potion of mutation
 f - a potion of heal wounds
 j - a potion of flight {unknown}
 m - a potion of haste {unknown}
 n - a potion of curing {unknown}

Dungeon Overview and Level Annotations

Branches:
Dungeon (4/15)
 Temple: D:4-7

Altars:
Qazlal
Ru

Shops:
D:2 (

Annotations:
D:4 Pikel


Message History

You hit Pikel.
Pikel is moderately wounded.
You hit the lemure. Pikel hits you but does no damage.
The lemure closely misses you.
You miss the lemure.
The lemure is moderately wounded.
You miss Pikel. The lemure hits you.
Pikel hits you with a +1 whip of flaming!
Pikel burns you. The lemure completely misses you.
Pikel hits you but does no damage.
You slash the lemure!
The lemure is heavily wounded.
You closely miss Pikel. You block Pikel's attack.
The lemure hits you but does no damage.
You closely miss the lemure.
The lemure is heavily wounded.
You slash Pikel!
Pikel hits you with a +1 whip of flaming.
Pikel burns you. You block the lemure's attack.
You closely miss the lemure.
The lemure is heavily wounded.
You hit Pikel. The lemure hits you but does no damage. Pikel misses you.
Pikel completely misses you. The lemure completely misses you.
You barely miss the lemure.
The lemure is heavily wounded.
You hit Pikel but do no damage. Pikel misses you. The lemure misses you.
You barely miss the lemure.
The lemure is heavily wounded.
You closely miss Pikel.
Pikel hits you with a +1 whip of flaming.
Pikel burns you. The lemure barely misses you.
2623 ||| READING scroll of teleportation.
As you read the scroll of teleportation, it crumbles to dust.
You feel strangely unstable.
Pikel hits you with a +1 whip of flaming.
Pikel burns you.
You die...

#5.. .#. K#. ...#. ..#
#.#.. #.. .... ..#.#.#
r 55...# . #5#.# #
#K5.# ### #@### ..#
##.## #.#
##########%..###.# #.#
#................#
##.###.########...#####
..>.##.# ##.##
.###.#.####### #.# .#
#.......... ..#
.###.#.####### ###


You could see Pikel and 4 lemures.

Vanquished Creatures
  4 adders (D:3)
  A white imp (D:4)
  An ufetubus (D:4)
  A worm (D:2)
  4 dart slugs
  3 orcs
  4 ball pythons
  6 endoplasms
  2 giant cockroaches
  5 goblins
  6 hobgoblins
  6 jackals (D:3)
  3 quokkas
  4 bats
  3 frilled lizards
  A kobold (D:2)
  3 rats
57 creatures vanquished.

Vanquished Creatures (others)
  A goblin (D:4)
1 creature vanquished.

Grand Total: 58 creatures vanquished

Notes
Turn   | Place    | Note
-------+----------+-------------------------------------------
     0 | D:1      | qw the Gargoyle Fighter began the quest for the Orb.
     0 | D:1      | Reached XP level 1. HP: 14/14 MP: 1/1
     0 | D:1      | 0 ||| qw: Version: 0.2-a-108-gee2c290
     0 | D:1      | 0 ||| qw: Game counter: 1499
     0 | D:1      | 0 ||| qw: Always use a shield: true
     0 | D:1      | 0 ||| qw: God list: Okawaru
     0 | D:1      | 0 ||| qw: Allow faded altars: false
     0 | D:1      | 0 ||| qw: Do Orc after D:15 true
     0 | D:1      | 0 ||| qw: Do second Lair branch before Depths: true
     0 | D:1      | 0 ||| qw: Lair rune preference: random
     0 | D:1      | 0 ||| qw: Plans: Normal, Zot:1-4, Slime:5, God:TSO, Crypt,
                  | Tomb, Abyss, Pan, Hells, Win
     0 | D:1      | 0 ||| PLANNING D:1-11
    41 | D:1      | Reached skill level 2 in Axes
   189 | D:1      | Reached XP level 2. HP: 19/19 MP: 2/2
   410 | D:1      | 410 ||| Stepping ~*~*~tactically~*~*~ (stealth).
   412 | D:1      | 412 ||| Stepping ~*~*~tactically~*~*~ (hiding).
   800 | D:1      | 800 ||| UPGRADING to +0 chain mail.
   810 | D:1      | 810 ||| DROPPING +0 scale mail.
   811 | D:1      | 811 ||| UPGRADING to +0 pair of gloves.
   816 | D:1      | 816 ||| UPGRADING to +5 ring of evasion.
   817 | D:1      | 817 ||| READING 3 scrolls labelled UWOKUDWAFET.
   818 | D:1      | 818 ||| READING 2 scrolls labelled YJUK ENOVAM.
   819 | D:1      | 819 ||| READING 2 scrolls labelled BOBAGIYNIJ.
   820 | D:1      | 820 ||| DRINKING 2 amethyst potions.
   821 | D:1      | 821 ||| READING 2 scrolls of identify.
   821 | D:1      | 821 ||| IDENTIFYING sedimented amethyst potion
   822 | D:1      | 822 ||| DROPPING scroll of summoning.
   823 | D:1      | 823 ||| DROPPING scroll of poison.
   885 | D:2      | Reached skill level 3 in Axes
   885 | D:2      | Reached XP level 3. HP: 23/23 MP: 3/3
  1016 | D:2      | 1016 ||| DROPPING +0 club.
  1138 | D:2      | Found Cakhlyub's Weapon Boutique.
  1153 | D:2      | 1153 ||| SHOPLISTING +3 flail of holy wrath (279 gold, have
                  | 80).
  1440 | D:2      | 1440 ||| READING scroll labelled HACEBL HIUXKUSSUSI.
  1441 | D:2      | 1441 ||| READING scroll labelled RENECUYTEP.
  1442 | D:2      | 1442 ||| READING scroll labelled AKHLEU TOB UTHRING.
  1520 | D:3      | 1520 ||| Stepping ~*~*~tactically~*~*~ (hiding).
  1575 | D:3      | Reached XP level 4. HP: 28/28 MP: 4/4
  1613 | D:3      | Identified the +6 rapier of Guilt {heavy, rF- rN+++ Int+8
                  | Dex-2}
  1624 | D:3      | Found a stormy altar of Qazlal.
  1691 | D:3      | 1691 ||| Stepping ~*~*~tactically~*~*~ (stealth).
  1698 | D:3      | Reached skill level 4 in Axes
  2224 | D:3      | 2224 ||| DROPPING ring of magical power.
  2225 | D:3      | 2225 ||| READING 2 scrolls labelled QEIPYE DOORPH.
  2230 | D:3      | 2230 ||| READING scroll labelled SUARARAXZY.
  2304 | D:4      | 2304 ||| Stepping ~*~*~tactically~*~*~ (stealth).
  2313 | D:4      | 2313 ||| FLEEEEING.
  2328 | D:4      | 2328 ||| FLEEEEING.
  2329 | D:4      | 2329 ||| FLEEEEING.
  2330 | D:4      | 2330 ||| FLEEEEING.
  2371 | D:4      | Found a sacrificial altar of Ru.
  2383 | D:4      | 2383 ||| Stepping ~*~*~tactically~*~*~ (hiding).
  2384 | D:4      | 2384 ||| Stepping ~*~*~tactically~*~*~ (hiding).
  2385 | D:4      | 2385 ||| Stepping ~*~*~tactically~*~*~ (hiding).
  2531 | D:4      | 2531 ||| Stepping ~*~*~tactically~*~*~ (stealth).
  2554 | D:4      | Reached XP level 5. HP: 30/32 MP: 5/5
  2606 | D:4      | Noticed a lemure
  2606 | D:4      | Noticed a lemure
  2606 | D:4      | Noticed Pikel
  2606 | D:4      | Noticed a lemure
  2607 | D:4      | 2607 ||| Stepping ~*~*~tactically~*~*~ (stealth).
  2613 | D:4      | Noticed a lemure
  2622 | D:4      | HP: 7/32 [Pikel/+1 whip of flaming (6)]
  2623 | D:4      | 2623 ||| READING scroll of teleportation.
  2623 | D:4      | HP: 2/32 [Pikel/+1 whip of flaming (4)]
  2623 | D:4      | Slain by Pikel

Levels and vault maps discovered:
D:1:      minmay_arrival_wavy_path, layout_basic, dk_noncrumbling_2,
          nicolae_concentric_dashed_squares_mild, minmay_hexomino_u4
D:2:      layout_basic, serial_shops, nicolae_shop_bloodbath_and_beyond
D:3:      layout_basic, mainiacjoe_overflow_small_starburst
D:4:      cheibrodos_fertilizer, layout_loops_ring,
          mainiacjoe_overflow_surrounded_room, minmay_temple_entry_sparse_star,
          grunt_ministairs_7, minmay_shop_grid_forest, uniq_pikel,
          uniq_crazy_yiuf_cottage

Skill      XL: |  1  2  3  4 |
---------------+-------------+-----
Axes           | 2 3 4 |  4.6
Fighting       | |  3.2
Armour         | |  3.2
Shields        | |  3.2

Action                     |  1- 3 |  4- 6 || total
---------------------------+-------+-------++-------
  Melee: War axe           |    98 |    85 ||   183
  Throw: Boomerang         |       |     8 ||     8
    Use: Scroll            |     7 |     3 ||    10
         Potion            |     1 |       ||     1
 Armour: Scale mail        |    10 |       ||    10
         Chain mail        |    31 |    37 ||    68
  Dodge: Dodged            |    57 |    74 ||   131
  Block: Buckler           |    24 |    19 ||    43

Table legend:
 A = Non-vault XP
 B = Vault XP
 C = Vault XP percentage of total XP
 D = Non-vault monster count
 E = Vault monster count
 F = Vault count percentage of total count
                 A         B        C        D         E       F
            +---------+---------+-------+---------+---------+-------
      Total |     170 |       6 |   3.4 |      54 |       3 |   5.3
            +---------+---------+-------+---------+---------+-------
        D:1 |      20 |       6 |  23.1 |      11 |       3 |  21.4
        D:2 |      23 |       0 |   0.0 |      12 |       0 |   0.0
        D:3 |      90 |       0 |   0.0 |      22 |       0 |   0.0
        D:4 |      37 |       0 |   0.0 |       9 |       0 |   0.0
            +---------+---------+-------+---------+---------+-------
